 Dungeon Crawl Stone Soup version 0.26-a0-1147-g3780a7a11b (webtiles) character file.

Game seed: 8338128640119762999

2 sokol815 the Sneak (level 1, 0/16 HPs)
             Began as an Octopode Delver on Dec 23, 2020.
             Slain by an orc
             ... wielding a +0 dagger of electrocution
              (12 damage)
             ... on level 6 of the Dungeon.
             The game lasted 00:00:27 (24 turns).

sokol815 the Sneak (Octopode Delver)                  Turns: 24, Time: 00:00:28

Health: 0/16       AC:  1    Str: 11    XL:     1   Next: 30%
Magic:  1/1        EV: 13    Int: 12    God:
Gold:   11         SH:  0    Dex: 13    Spells: 0/0 levels left

rFire    . . .     SeeInvis .   a - +0 falchion
rCold    . . .     Faith    .   (no shield)
rNeg     . . .     Spirit   .   (helmet restricted)
rPois    .         Reflect  .   (no amulet)
rElec    .         Harm     .   (no ring)
rCorr    .         Rampage  .   (no ring)
Will     .....                  (no ring)
Stlth    ++++......             (no ring)
HPRegen  0.05/turn              (no ring)
MPRegen  0.07/turn              (no ring)
                                (no ring)
                                (no ring)

@: no status effects
A: almost no armour, stealthy swim, amphibious, 8 rings, constrict 8, camouflage
1, gelatinous body 1
a: no special abilities


You were on level 6 of the Dungeon.
You visited 1 branch of the dungeon, and saw 2 of its levels.

You collected 11 gold pieces.

Inventory:

Hand Weapons
 a - a +0 falchion (weapon)
Wands
 f - a wand of digging (3)
Scrolls
 b - a scroll of fog
 c - a scroll of magic mapping {!r}
 d - a scroll of fear
Potions
 e - a potion of haste


   Skills:
 - Level 3.0 Fighting
 + Level 2.2 Long Blades
 - Level 2.0 Dodging
 - Level 6.6 Stealth


You couldn't memorise any spells.
You didn't know any spells.
Your spell library was empty.

Dungeon Overview and Level Annotations

Branches:
Dungeon (6/15)
 Temple: D:4-7

Altars:
Hepliaklqana
Sif Muna
The Shining One

Annotations:
D:6 1 transporter


Innate Abilities, Weirdness & Mutations

You cannot wear most types of armour.
You are very stealthy in the water. (Stealth+)
You are amphibious.
You can wear up to eight rings at the same time.
You can use your tentacles to constrict eight enemies at once.
Your skin changes colour to match your surroundings (Stealth+).
Your rubbery body absorbs attacks. (AC +1, EV +1)


Message History

You hear the sound of rushing water.
There is an entrance to a sewer on this level.
Hurry and find it before the portal rusts away!
Options error: Bad channel -- rotten_meat (HDAMessageColors.rc:46) Welcome, sokol815 the Octopode Delver.
The bosom of this dungeon contains the awesome artefact, the Orb of Zot.
Found a smoky cyan potion and 11 gold pieces.
Found a shimmering blue altar of Sif Muna and a hazy altar of Hepliaklqana.
Found a stone staircase leading down.
You hear the sound of rushing water.
There is an entrance to a sewer on this level.
Hurry and find it before the portal rusts away!
Options error: Bad channel -- rotten_meat (HDAMessageColors.rc:46) Welcome back, sokol815 the Octopode Delver.
You now have 11 gold pieces.
There is a hazy altar of Hepliaklqana here.
There is a stone staircase leading down here.
You climb downwards.
Found four items.
Found a glowing golden altar of the Shining One.
There is a stone staircase leading up here. 4 orcs and an orc wizard come into view.
An orc is wielding a +0 dagger of electrocution.
The helpless orc fails to defend itself.
You hit the orc. You grab the orc. You constrict the orc.
The orc hits you but does no damage.
You hit the orc.
You kill the orc!
The orc shouts!
The orc wizard shouts!
You hear a shout! x2
You see here an orc corpse.
You closely miss the orc. You grab the orc. Your squeeze misses the orc.
You constrict the orc.
The orc hits you with a +0 dagger of electrocution.
You are electrocuted!
Ouch! That really hurt!
You die...

#.# .. ^..# #..
#..# #.. #..#
#... #..#
##...###..# ##
..o.......##...#
#o###.......#
#.oo@.#<###...
#######........
..#######
#.##...©..
#.#8..#c#.
#.#$!#. .#
..#!$l?. .
.©#_$....


You could see an orc wizard and 2 orcs.

Vanquished Creatures
  An orc (D:6)
1 creature vanquished.

Notes
Turn   | Place    | Note
-------+----------+-------------------------------------------
     0 | D:5      | sokol815 the Octopode Delver began the quest for the Orb.
     0 | D:5      | Reached XP level 1. HP: 16/16 MP: 1/1
    18 | D:6      | Found a transporter.
    18 | D:6      | Found a glowing golden altar of the Shining One.
    18 | D:6      | Noticed a centaur
    18 | D:6      | Noticed a wyvern
    19 | D:6      | Noticed an orc wizard
    24 | D:6      | Slain by an orc

Illustrated notes

Levels and vault maps discovered:
D:5:      layout_rooms, vehumet_altar_wand_db, nicolae_overflow_hidden_temple,
          serial_shops, nicolae_shop_competitors_out_of_business,
          cheibrodos_sewer_entry_bend, uniq_blork_the_orc
D:6:      layout_loops_ring, gammafunk_temple_overflow_arena, serial_shops,
          shop_statue, uniq_duvessa, uniq_prince_ribbit1

Action                   || total
-------------------------++-------
Melee: Falchion          ||     3
       Constrict         ||     2
 Stab: Sleeping          ||     1
Armor: Skin              ||     1

Table legend: (Time is in decaauts)
 A = Elapsed time spent in this place.
 B = Non-inter-level travel time spent in this place.
 C = Inter-level travel time spent in this place.
 D = Time resting spent in this place.
 E = Time spent auto-exploring this place.
 F = Levels seen in this place.
 G = Mean time per level.
                   A        B        C        D        E       F      G
               +--------+--------+--------+--------+--------+-----+--------+
         Total |     24 |     24 |      0 |      0 |      0 |   2 |   12.0 |
       Dungeon |     24 |     24 |      0 |      0 |      0 |   2 |   12.0 |
               +--------+--------+--------+--------+--------+-----+--------+

Top non-repeatable levels by time:
     D:5: 18 daAuts
     D:6: 6 daAuts

Table legend:
 A = Kills in this place as a percentage of kills in entire the game.
 B = Kills by you in this place as a percentage of kills by you in the entire game.
 C = Kills by friends in this place as a percentage of kills by friends in the entire game.
 D = Other kills in this place as a percentage of other kills in the entire game.
 E = Experience gained in this place as a percentage of experience gained in the entire game.
 F = Experience gained in this place divided by the number of levels of this place that you have seen.
                   A       B       C       D       E      F
               +-------+-------+-------+-------+-------+----------------------
         Total | 100.0 | 100.0 |   N/A |   N/A | 100.0 |   1.5
       Dungeon | 100.0 | 100.0 |   N/A |   N/A | 100.0 |   1.5
               +-------+-------+-------+-------+-------+----------------------
